 Dungeon Crawl Stone Soup version 0.21.1-1-g345015f (webtiles) character file.

21 Kairos the Charmwright (level 2, 0/22 HPs)
             Began as a Demonspawn Skald on Mar 26, 2018.
             Succumbed to an adder's poison
             ... on level 2 of the Dungeon.
             The game lasted 00:01:09 (658 turns).

Kairos the Charmwright (Demonspawn Skald)            Turns: 658, Time: 00:01:10

Health: 0/22       AC:  3    Str: 11    XL:     2   Next: 62%
Magic:  5/5        EV: 11    Int: 14    God:
Gold:   54         SH:  0    Dex: 12    Spells: 4/5 levels left

rFire    . . .     SeeInvis .   e - +0 hand axe
rCold    . . .     Gourm    .   (no shield)
rNeg     . . .     Faith    .   b - +0 leather armour
rPois    .         Spirit   .   (no helmet)
rElec    .         Reflect  .   (no cloak)
rCorr    .         Harm     .   (no gloves)
MR       .....                  (no boots)
Stlth    ++........             (no amulet)
HPRegen  0.07/turn              g - ring of stealth
MPRegen  0.09/turn              (no ring)

@: lethally poisoned (0 -> -11)
A: powered by death 1
a: no special abilities


You were on level 2 of the Dungeon.
You were not hungry.

You visited 1 branch of the dungeon, and saw 2 of its levels.

You collected 54 gold pieces.

Inventory:

Hand Weapons
 a - a +0 spear
 e - a +0 hand axe (weapon)
Armour
 b - a +0 leather armour (worn)
Jewellery
 g - a ring of stealth (left hand)
Scrolls
 f - a scroll of remove curse
 h - a scroll of identify {unknown}
 i - a scroll of immolation {unknown}
Books
 c - a book of Battle

   Spells                             Type                      Level
   a - Infusion                       Charms                       1
   b - Shroud of Golubria             Charms/Translocation         2
   c - Song of Slaying                Charms                       2
   d - Spectral Weapon                Hexes/Charms                 3
   e - Regeneration                   Charms/Necromancy            3
Comestibles
 d - 3 rations


   Skills:
 + Level 2.1 Fighting
 + Level 0.1(1.1) Axes
 + Level 1.9 Polearms
 + Level 1.1 Armour
 + Level 1.7 Dodging
 + Level 2.2 Spellcasting
 + Level 3.1 Charms


You had 4 spell levels left.
You knew the following spells:

 Your Spells              Type           Power        Failure   Level  Hunger
a - Infusion              Chrm           ##..         9%          1    #......


Dungeon Overview and Level Annotations

Branches:
Dungeon (2/15)

Altars:
Ashenzari
Sif Muna


Innate Abilities, Weirdness & Mutations

You regenerate a little health from kills.


Message History

The adder is almost dead.
You feel sick. The adder bites you.
* * * LOW HITPOINT WARNING * * *
You are more poisoned.
The adder poisons you! The adder closely misses you.
You miss the adder.
The adder is almost dead.
* * * LOW HITPOINT WARNING * * *
You feel sick. The adder misses you. The adder closely misses you.
You hit the adder but do no damage.
The adder is almost dead.
* * * LOW HITPOINT WARNING * * *
You feel sick. The adder barely misses you.
You aren't carrying any potions.
Unknown command.
You aren't carrying any potions.
As you read the scroll labeled MACSEDI COKENG, it crumbles to dust.
You feel as if something is helping you.
It was a scroll of remove curse.
You die...

#......#
#......#
#......####.#
#...........#
#......###..#
######.#####
##......#.$..
##......>......
#....S@........
#..............
#....>...$.....
#............_.
#...$..........
#..............
##............
##...(.......


You could see an adder.

Vanquished Creatures
  A dart slug (D:1)
  A giant cockroach (D:1)
  2 hobgoblins (D:1)
  3 jackals (D:1)
  A kobold (D:1)
  5 bats (D:1)
  2 goblins (D:1)
  A rat (D:1)
16 creatures vanquished.

Notes
Turn   | Place    | Note
-------+----------+-------------------------------------------
     0 | D:1      | Kairos the Demonspawn Skald began the quest for the Orb.
     0 | D:1      | Reached XP level 1. HP: 16/16 MP: 3/3
   125 | D:1      | Reached skill level 3 in Charms
   155 | D:1      | Gained mutation: You regenerate a little health from kills. [demonic ancestry]
   155 | D:1      | Reached XP level 2. HP: 20/22 MP: 5/5
   345 | D:1      | Found a shattered altar of Ashenzari.
   404 | D:1      | Reached skill level 1 in Armour
   641 | D:2      | Found a deep blue altar of Sif Muna.
   657 | D:2      | HP: 1/22 [poisoned by an adder]
   658 | D:2      | Succumbed to an adder's poison

Skill      XL: |  1  2 |
---------------+-------+-----
Charms         | 3 |  3.1
Armour         | 1 |  1.1
Fighting       | |  2.1
Axes           | |  0.1
Polearms       | |  1.9
Dodging        | |  1.7
Spellcasting   | |  2.2

Action                   || total
-------------------------++-------
Melee: Hand axe          ||    56
       Spear             ||    10
  Use: Scroll            ||     1
 Stab: Distracted        ||     1
       Sleeping          ||     1
Armor: Leather armour    ||    21
Dodge: Dodged            ||    52
